 Dungeon Crawl Stone Soup version 0.29-a0-998-g1987434951 (webtiles) character file.

Game seed: 12646936080395554736

168 drpainis the Covert (level 5, -4/26 HPs)
             Began as a Spriggan Brigand on Aug 5, 2022.
             Killed from afar by an orc wizard (8 damage)
             ... with a magic dart
             ... on level 3 of the Dungeon.
             The game lasted 00:04:04 (2920 turns).

drpainis the Covert (Spriggan Brigand)              Turns: 2920, Time: 00:04:04

Health: -4/26      AC:  3    Str:  7    XL:     5   Next: 24%
Magic:  6/6        EV: 17    Int: 13    God:
Gold:   108        SH:  0    Dex: 18    Spells: 4/4 levels left

rFire   . . .      SeeInvis +   h - +1 short sword (distort)
rCold   . . .      Faith    .   (no shield)
rNeg    . . .      Spirit   .   b - +0 robe
rPois   .          Reflect  .   (helmet restricted)
rElec   .          Harm     .   c - +0 cloak
rCorr   .          Rampage  .   (gloves unavailable)
Will    .....                   (boots unavailable)
Stlth   ++++......              (no amulet)
HPRegen 0.08/turn               g - ring of wizardry
MPRegen 0.10/turn               j - ring of flight

@: flying, very quick
A: very small, no large weapons, unfitting armour, see invisible, speed 3
a: no special abilities


You were on level 3 of the Dungeon.
You visited 1 branch of the dungeon, and saw 3 of its levels.

You collected 108 gold pieces.

Inventory:

Hand Weapons
 a - a +2 dagger
 h - a +1 short sword of distortion (weapon)
Missiles
 d - 10 poisoned darts (quivered)
 e - 3 curare-tipped darts
Armour
 b - a +0 robe (worn)
 c - a +0 cloak (worn)
 v - a +0 pair of gloves
Magical Staves
 k - a staff of conjuration
Jewellery
 g - a ring of wizardry (left hand)
 j - a ring of flight (right hand)
 x - an amulet of reflection
Scrolls
 i - 2 scrolls of blinking {unknown}
 l - 2 scrolls of teleportation {unknown}
 o - a scroll of magic mapping {unknown}
 p - a scroll of identify {unknown}
 r - a scroll of vulnerability {unknown}
 w - a scroll of enchant armour {unknown}
Potions
 f - 2 potions of curing {unknown}
 m - a potion of lignification {unknown}
 n - 2 potions of flight {unknown}
 q - 2 potions of might {unknown}
 s - a potion of invisibility {unknown}
 t - a potion of haste {unknown}
 u - a potion of heal wounds {unknown}


   Skills:
 + Level 1.7 Fighting
 + Level 3.4 Short Blades
 + Level 2.6 Throwing
 + Level 2.3 Dodging
 + Level 8.3 Stealth


You had 4 spell levels left.
You didn't know any spells.
Your spell library was empty.

Dungeon Overview and Level Annotations

Branches:
Dungeon (3/15)

Altars:

Shops:
D:2 (


Innate Abilities, Weirdness & Mutations

You are very small and have problems with some larger weapons.
You are too small for most types of armour.
You have supernaturally acute eyesight. (SInv)
You cover ground extremely quickly. (Speed+++)


Message History

You hit the goblin.
You kill the goblin!
d - 10 poisoned darts (gained 1)
Things that are here:
a +0 club; a goblin corpse An endoplasm comes into view.
An endoplasm is nearby!
You hit the endoplasm.
Space warps around the endoplasm.
The endoplasm is severely wounded.
The endoplasm freezes you.
You are frozen.
You hit the endoplasm but do no damage.
Space warps around the endoplasm.
The endoplasm is almost dead.
The endoplasm freezes you.
You are frozen.
You hit the endoplasm.
You kill the endoplasm!
An orc wizard comes into view. It is wielding a +0 hammer.
Found a stone staircase leading down.
The orc wizard hits you with a +0 hammer!
The orc wizard blocks your attack. The orc wizard closely misses you.
You closely miss the orc wizard.
The orc wizard hits you with a +0 hammer.
* * * LOW HITPOINT WARNING * * *
The orc wizard blocks your attack.
The orc wizard mumbles some strange words.
The orc wizard flickers and vanishes for a moment.
You hit the orc wizard.
Space warps horribly around the orc wizard!
You kill the orc wizard!
x - an amulet of reflection
Things that are here:
a +0 hammer; a +0 robe; an orc corpse
Okay, then.
Found a staff of air and a cyan potion. 2 kobolds and an orc come into view.
An orc wizard comes into view. It is wielding a +0 hammer.
The orc wizard gestures at you while chanting.
The magic dart hits you!
You die...

#.... ### #...# #
..#.##...# .. #.
.#.o..##.K. #. .....'....
#. .o..'.|.. #
#.####...'..K.
.#####.)...@..#
..(........#### #
###..##.##.>.#
#.###.(##.####.# ###
##.....)...# !.. #.#
###### ........#### ###
#.# #.##.. ##..###.# #.#
#.##.. #. #.#
#####.###.##..
#.##########.............


You could see an orc wizard, an orc (wandering) and 2 kobolds.

Vanquished Creatures
  An orc wizard (D:3)
  4 gnolls
  4 adders
  A dart slug (D:2)
  8 endoplasms
  9 giant cockroaches
  3 goblins
  2 hobgoblins
  2 quokkas
  5 ball pythons
  4 bats
  3 frilled lizards
  3 kobolds
  8 rats
57 creatures vanquished.

Vanquished Creatures (others)
  10 toadstools (D:3)
10 creatures vanquished.

Grand Total: 67 creatures vanquished

Notes
Turn   | Place    | Note
-------+----------+-------------------------------------------
     0 | D:1      | drpainis the Spriggan Brigand began the quest for the Orb.
     0 | D:1      | Reached XP level 1. HP: 10/10 MP: 2/2
     2 | D:1      | Found a faded altar of an unknown god.
    43 | D:1      | Reached skill level 6 in Stealth
    46 | D:1      | Reached XP level 2. HP: 14/14 MP: 3/3
   289 | D:1      | Reached skill level 7 in Stealth
   719 | D:1      | Reached XP level 3. HP: 18/18 MP: 4/4
  1712 | D:2      | Found Zuciuf's Weapon Emporium.
  1853 | D:2      | Reached XP level 4. HP: 22/22 MP: 5/5
  2477 | D:3      | Reached skill level 8 in Stealth
  2799 | D:3      | Reached XP level 5. HP: 10/26 MP: 6/6
  2920 | D:3      | Killed from afar by an orc wizard

Illustrated notes

Levels and vault maps discovered:
D:1:      giann_bridges, layout_basic, serial_forest,
          infiniplex_forest_zigzag_1, infiniplex_forest_clump_long,
          infiniplex_forest_lined_2, infiniplex_forest_lined_corner,
          infiniplex_forest_lined_2, infiniplex_forest_straight_2,
          basic_ecumenical_altar
D:2:      minmay_roachtagon, layout_loops_ring, serial_shops,
          nicolae_shop_crystal
D:3:      cheibrodos_fertilizer, layout_loops_ring, uniq_crazy_yiuf_cottage

Skill      XL: |  1  2  3  4 |
---------------+-------------+-----
Stealth        | 6 7 8 |  8.3
Short Blades   | 3 |  3.4
Dodging        | 2 |  2.3
Fighting       | |  1.7
Throwing       | |  2.6

Action                   |  1- 3 |  4- 6 || total
-------------------------+-------+-------++-------
Melee: Dagger            |    14 |       ||    14
       Short sword       |    37 |    68 ||   105
       Punch             |     1 |       ||     1
Throw: Dart              |    14 |    17 ||    31
 Stab: Sleeping          |    14 |     5 ||    19
Armor: Robe              |     4 |    12 ||    16
Dodge: Dodged            |    22 |    62 ||    84

Table legend: (Time is in decaauts)
 A = Elapsed time spent in this place.
 B = Non-inter-level travel time spent in this place.
 C = Inter-level travel time spent in this place.
 D = Time resting spent in this place.
 E = Time spent auto-exploring this place.
 F = Levels seen in this place.
 G = Mean time per level.
                   A        B        C        D        E       F      G
               +--------+--------+--------+--------+--------+-----+--------+
         Total |   2134 |   2088 |     46 |      0 |   1593 |   3 |  711.3 |
       Dungeon |   2134 |   2088 |     46 |      0 |   1593 |   3 |  711.3 |
               +--------+--------+--------+--------+--------+-----+--------+

Top non-repeatable levels by time:
     D:2: 874 daAuts
     D:1: 712 daAuts
     D:3: 548 daAuts
